AoeStats
← Johnny_von_Cash

MegaRandom

510828632Analyzed
2v2 RM · 18h ago on Oct 2, 2026· 29m 42s· 4 players
Game mode
Random Map
Map size
Medium (4 player)
Population
200
Speed
Normal
Resources
Standard
Victory
Conquest
Starting age
Dark Age
Ending age
Imperial Age
RankedLock teamsTeams togetherTeam positionsShared explorationLock speedFull tech treeHidden civsTurbo modeCheats
Victory
Defeat
🇹🇷 Huns · Türkiye
960
+16
🇦🇷 Ethiopians · Argentina
951
+16
🇪🇸 Franks · Spain
1001
-17
🇩🇪 Celts · Germany
920
-15
emanuelmugna
8:26 Loom
11:21 Feudal Age
15:08 Double-Bit Axe
15:16 Town Watch
19:07 Castle Age
18:29 Horse Collar
19:56 Town Watch
20:47 Wheelbarrow
19:49 Crossbowman
20:34 Squires
20:37 Fletching
22:23 Forging
24:06 Iron Casting
25:14 Arson
27:02 Scale Mail Armor
27:03 Padded Archer Armor
mustajjj
8:03 Loom
10:44 Feudal Age
11:29 Horse Collar
11:35 Double-Bit Axe
14:10 Gold Mining
20:14 Castle Age
20:01 Wheelbarrow
19:40 Bloodlines
22:00 Forging
21:56 Scale Barding Armor
23:24 Iron Casting
22:53 Heavy Plow
23:40 Bow Saw
25:26 Chain Barding Armor
28:34 Hand Cart
28:05 Town Watch
oxy
0:35 Loom
12:09 Feudal Age
20:47 Castle Age
19:03 Forging
18:59 Scale Barding Armor
18:44 Fletching
19:55 Double-Bit Axe
24:20 Scale Mail Armor
28:42 Town Watch
Johnny_von_Cash
3:28 Loom
13:56 Feudal Age
18:53 Castle Age
16:51 Double-Bit Axe
16:49 Horse Collar
17:17 Fletching
17:35 Gold Mining
18:16 Stone Mining
19:06 Wheelbarrow
18:59 Scale Barding Armor
20:22 Bow Saw
20:25 Heavy Plow
20:14 Town Watch
22:54 Man-at-Arms
23:22 Gambesons
23:24 Arson
23:45 Long Swordsman
26:52 Hand Cart
29:33 Town Patrol
Connection lost

Rejoining the realm…

Still unreachable

The connection could not be restored.

Session expired

The server has moved on; the page needs a fresh start.